Cogmind - Beta 15 @@@ ROGUE MODE // 2025.09.12 @ 21:56:12 Player: cottonman132 Result: Destroyed by Y-45 Defender with Beam Rifle Performance ------------- Evolutions (1) 500 Regions Visited (2) 400 Robots Destroyed (6) 30 Value Destroyed (150) 150 Prototype IDs (0) 0 Alien Tech Used (0) 0 Bonus (0) 0 TOTAL SCORE: 1080 Bonus ------- None Cogmind --------- Core Integrity 0/400 Matter 300/300 Energy 100/100 System Corruption 0% Temperature Cool (9) Movement Core (50) Location -9/Materials Parts ------- > --- POWER (1) -------- (None) > --- PROPULSION (2) --- (None) > --- UTILITY (4) ------ (None) > --- WEAPON (2) ------- Mace > --- INVENTORY (5) ---- (None) Peak State ------------ > --- POWER ------------ Light Ion Engine > --- PROPULSION ------- Aluminum Leg Aluminum Leg > --- UTILITY ---------- Small Storage Unit > --- WEAPON ----------- Mace > --- INVENTORY -------- Light Ion Engine Large Matter Pod [Rating: 6] Favorites ----------- Power Light Ion Engine Engine Light Ion Engine Propulsion Aluminum Leg Leg Aluminum Leg Utility Small Storage Unit Storage Small Storage Unit Weapon Mace Impact Weapon Mace Build | -11 -10 -9 ------- Run | Yrd Mat Mat Slots Evolved 2 | . . 2 Power . | . . . Propulsion . | . . . Utility 2 | . . 2 Weapon . | . . . Parts Attached 7 | 4 . 3 Power 2 | 1 . 1 Engine 2 | 1 . 1 Core . | . . . Reactor . | . . . Propulsion 2 | 2 . . Treads . | . . . Leg 2 | 2 . . Wheel . | . . . Hover . | . . . Flight . | . . . Utility 2 | 1 . 1 Device . | . . . Storage 2 | 1 . 1 Processor . | . . . Hackware . | . . . Protection . | . . . Artifact . | . . . Weapon 1 | . . 1 Energy Gun . | . . . Energy Cannon . | . . . Ballistic Gun . | . . . Ballistic Cannon . | . . . Launcher . | . . . Special Weapon . | . . . Impact Weapon 1 | . . 1 Slashing Weapon . | . . . Piercing Weapon . | . . . Special Melee Weapon . | . . . Unidentified Prototypes . | . . . Parts Lost 6 | . . 6 Power 2 | . . 2 Propulsion 2 | . . 2 Utility 2 | . . 2 Weapon . | . . . Highest Loss Streak 5 | . . 5 To Critical Strikes . | . . . Average Backups 1 | . 1 1 Power . | . 1 . Propulsion . | . . . Utility . | . . . Weapon . | . . . Tool/Special . | . . . Unused Backups . | . . . Power . | . . . Propulsion . | . . . Utility . | . . . Weapon . | . . . Tool/Special . | . . . Average Slot Usage (%) 47 | . 57 38 Engine 10 | . 14 7 Leg 20 | . 28 13 Storage 13 | . 14 12 Impact Weapon 2 | . . 5 Peak Build Rating 6 | 4 4 6 Average Rating 3 | 3 4 3 On Entrance 2 | . 4 4 Naked Turns . | . . . Heaviest Build 13 | 8 8 13 Greatest Support 20 | 20 20 20 Greatest Overweight (x) 4 | . . 4 Average Overweight (x) . | . . . Largest Inventory Capacity 8 | 8 8 8 Average Capacity 7 | 7 8 7 Most Carried 3 | 3 2 3 Average Carried 1 | . 1 1 Final Capacity 8 | 8 8 5 Final Carried 2 | 1 2 . Class Distribution -------------------- 100% | Mutant Dominant Class ---------------- Mutant | -10/Materials Mutant | -9/Materials Resources | -11 -10 -9 ----------- Run | Yrd Mat Mat Matter Collected 197 | 116 . 81 Remotely . | . . . Salvage Created 126 | . . 126 Parts 4 | 2 . 2 Haulers Intercepted . | . . . Recyclers Shooed . | . . . Parts Field Recycled . | . . . Retrieved Matter . | . . . Parts Self-Destructed . | . . . Prevented . | . . . Kills | -11 -10 -9 ------- Run | Yrd Mat Mat Combat Hostiles Destroyed 4 | . 1 3 Melee 4 | . 1 3 Classes Destroyed 4 | 1 1 2 Tunneler 2 | 2 . . Swarmer 1 | . 1 . Grunt 2 | . . 2 Sentry 1 | . . 1 Best Kill Streak 2 | 1 1 2 Combat Bots Only 2 | . 1 2 Max Kills in Single Turn 1 | 1 1 1 Gunslinging . | . . . Exploded . | . . . Melee 1 | . 1 1 Uniques/NPCs Destroyed . | . . . Combat | -11 -10 -9 -------- Run | Yrd Mat Mat Hostile Shots Fired 102 | . 13 89 Missed 32 | . 3 29 Hits 70 | . 10 60 Projectile 70 | . 10 60 Critical Strikes 5 | . . 5 Damage Taken 954 | . 107 847 Core 424 | . 12 412 Absorbed by Shields . | . . . Core Remaining (%) 97 | 100 95 . Volleys Fired . | . . . Largest . | . . . Hottest . | . . . Shots Fired . | . . . Gun . | . . . Cannon . | . . . Launcher . | . . . Special . | . . . Kinetic . | . . . Thermal . | . . . Explosive . | . . . Electromagnetic . | . . . Robot Hit Streak . | . . . Robot Miss Streak . | . . . Penetration Max . | . . . Secondary Targets . | . . . Shots Hit Robots 16 | . . 16 Core Hits 19 | 10 6 3 Critical Kills . | . . . Critical Parts Destroyed 5 | . . 5 Critical Strikes 6 | . . 6 Smash 6 | . . 6 Melee Attacks 21 | . . 21 Impact 21 | . . 21 Slashing . | . . . Piercing . | . . . Sneak Attacks . | . . . Combat Hostiles . | . . . Follow-up Attacks . | . . . Damage Inflicted 458 | 48 22 388 Guns . | . . . Cannons . | . . . Explosions . | . . . Melee 388 | . . 388 Ramming 70 | 48 22 . Kinetic . | . . . Thermal . | . . . Explosive . | . . . Electromagnetic . | . . . Impact 388 | . . 388 Slashing . | . . . Piercing . | . . . Highest Corruption . | . . . Average Corruption . | . . . Corruption Purged . | . . . Corruption Blocked . | . . . Overload Shots . | . . . Overflow Damage 111 | . . 111 Projectiles . | . . . Explosions . | . . . Melee 111 | . . 111 Knockbacks 3 | 1 . 2 Impact 2 | 1 . 1 Kinetic . | . . . Secondary 1 | . . 1 Self-Inflicted Damage . | . . . Shots . | . . . Rammed . | . . . Targets Rammed 31 | 19 12 . Kicked 31 | 19 12 . Crushed . | . . . Highest Temperature 7 | . . 7 Average Temperature 3 | . . 3 Received Heat Transfer 486 | . 39 447 Siege Activations . | . . . Martial Activations . | . . . Shielding Activations . | . . . Robots Disrupted . | . . . Combat Hostiles . | . . . Robots Corrupted . | . . . Combat Hostiles . | . . . Parts Fried 1 | . . 1 Impact Corruptions 5 | . . 5 Robots Melted . | . . . Combat Hostiles . | . . . Parts Melted . | . . . Heat Transferred . | . . . Parts Sabotaged . | . . . Parts Stolen . | . . . Parts Stripped . | . . . Power Chain Reactions . | . . . Alert | -11 -10 -9 ------- Run | Yrd Mat Mat Maximum Alert Level . | . . . Low Security (%) 100 | 100 100 100 Level 1 . | . . . Level 2 . | . . . Level 3 . | . . . Level 4 . | . . . Level 5 . | . . . High Security . | . . . Max Security . | . . . Peak Influence 85 | 5 50 85 Initial 12 | . . 12 Average 8 | . 6 18 Influence Increases 240 | 10 60 170 Destroy 0b10 Robot/C 80 | . 20 60 Destroy 0b10 Robot/NC 10 | 10 . . Destroy Leader 20 | . . 20 Successful Hack 10 | . 10 . Lose Combat Pursuer 120 | . 30 90 Influence Decreases 165 | 10 30 125 Entered New Map 18 | . . 18 Time Decay 102 | 10 30 62 Lost Part 45 | . . 45 Squads Dispatched 3 | . 1 2 Investigation 1 | . . 1 Extermination . | . . . Reinforcement 2 | . 1 1 Assault . | . . . Garrison . | . . . Intercept . | . . . Searches Triggered . | . . . Construction Impeded . | . . . Haulers Reinforced . | . . . Active Scanning Responses . | . . . Cargo Convoy Interrupts . | . . . Stealth | -11 -10 -9 --------- Run | Yrd Mat Mat Distress Signals 1 | . . 1 Communications Jammed . | . . . Distress Signals . | . . . Times Spotted 14 | . 5 9 Peak Tracking Total 6 | . 6 6 Tactical Retreats 6 | . 1 5 Traps | -11 -10 -9 ------- Run | Yrd Mat Mat Traps Triggered 1 | . . 1 Indirectly . | . . . Trap Hack Attempts . | . . . Triggered . | . . . Disarmed . | . . . Reprogrammed . | . . . Reused . | . . . Traps Extracted . | . . . Installed . | . . . Triggered . | . . . Machines | -11 -10 -9 ---------- Run | Yrd Mat Mat Machines Disabled . | . . . Max in Single Turn . | . . . Machines Repaired . | . . . Machines Dismantled . | . . . Machines Sabotaged . | . . . Overloaded Fab Kills . | . . . Hacking | -11 -10 -9 --------- Run | Yrd Mat Mat Machines Accessed 2 | . 1 1 Terminals 1 | . 1 . Fabricators . | . . . Repair Stations . | . . . Recycling Units 1 | . . 1 Scanalyzers . | . . . Garrison Access . | . . . Total Hacks 5 | . 3 2 Successful 4 | . 2 2 Failed 1 | . 1 . Catastrophic . | . . . Database Lockouts . | . . . Manual 2 | . 2 . Terminals 3 | . 3 . Fabricators . | . . . Repair Stations . | . . . Recycling Units 2 | . . 2 Scanalyzers . | . . . Garrison Access . | . . . Terminal Hacks 1 | . 1 . Zone Layout 1 | . 1 . Fabricator Hacks . | . . . Repair Station Hacks . | . . . Recycling Unit Hacks 2 | . . 2 Report Inventory 1 | . . 1 Retrieve Components 1 | . . 1 Scanalyzer . | . . . Garrison Access Hacks . | . . . Unauthorized Hacks 1 | . 1 . Terminals 1 | . 1 . Botnet 1 | . 1 . Fabricators . | . . . Repair Stations . | . . . Recycling Units . | . . . Scanalyzers . | . . . Garrison Access . | . . . Data Cores Recovered . | . . . Used . | . . . Hacking Detections 1 | . 1 . Full Trace Events . | . . . Feedback Events . | . . . Feedback Blocked . | . . . Robot Schematics Acquired . | . . . Robots Built . | . . . Authchips . | . . . Time . | . . . Total Robot Build Rating . | . . . Part Schematics Acquired . | . . . Parts Built . | . . . Authchips . | . . . Time . | . . . Total Part Build Rating . | . . . Parts Repaired . | . . . Time . | . . . Parts Recycled . | . . . Recycled Matter . | . . . Retrieved Matter . | . . . Retrieved Components 1 | . . 1 Parts Scanalyzed . | . . . Part Schematics Acquired . | . . . Parts Damaged . | . . . Bothacking | -11 -10 -9 ------------ Run | Yrd Mat Mat Used RIF Installer . | . . . Robots Hacked . | . . . Non-combat . | . . . Combat . | . . . Robot Hacks Applied . | . . . Relay Couplers Released . | . . . Fabnet Peak Effective % . | . . . Robots Rewired . | . . . Allies Hacked . | . . . Hacks Repelled . | . . . Allies | -11 -10 -9 -------- Run | Yrd Mat Mat Total Allies . | . . . Largest Group . | . . . Highest-Rated Group . | . . . Highest-Rated Ally . | . . . Total Orders . | . . . Ally Attacks . | . . . Total Damage . | . . . Kills . | . . . Allies Corrupted . | . . . Allies Melted . | . . . Intel | -11 -10 -9 ------- Run | Yrd Mat Mat Active Infowar (turns) . | . . . Robot Analysis Total . | . . . Derelict Logs Recovered . | . . . Drone Launches . | . . . Drone Recoveries . | . . . Exploration | -11 -10 -9 ------------- Run | Yrd Mat Mat Turns Passed 602 | 232 180 190 Spaces Moved 405 | 172 137 96 Core 20 | 8 . 12 Treads . | . . . Legs 385 | 164 137 84 Wheels . | . . . Hover . | . . . Flight . | . . . Fastest Speed 50 | 50 120 120 Average Speed 120 | 116 120 128 Slowest Speed 250 | 120 120 250 Overloaded Moves . | . . . Propulsion Burnouts . | . . . Robots Hopped . | . . . Potential Cave-ins . | . . . Cave-ins Triggered . | . . . Exploration Rate (%) 20 | 6 42 14 Regions Visited 2 Branch Regions . Pre-discovered Areas . | . . . Known Exits Taken . | . . . Unknown Exits Taken 2 | 1 1 . Scrap Searched . | . . . Spaces Dug . | . . . Terrain Destroyed . | . . . Melee . | . . . Projectile . | . . . AOE . | . . . Terrain Rammed . | . . . Walls Destroyed . | . . . Machines Disabled . | . . . Actions | -11 -10 -9 --------- Run | Yrd Mat Mat Total 474 | 199 150 125 Wait 5 | . 1 4 Move 403 | 171 136 96 Hop . | . . . Pick Up 7 | 5 1 1 Fast Attach . | . . . Attach 7 | 4 . 3 Detach . | . . . Swap . | . . . Drop . | . . . Fire . | . . . Melee 21 | . . 21 Ram . | . . . Kick 31 | 19 12 . Crush . | . . . Escape Stasis . | . . . Rewire . | . . . Trap . | . . . Miscellaneous . | . . . Route ------- -11/Scrapyard -10/Materials -9/Materials History --------- Turn | Location | Event 5 | -11/Scrapyard | Discovered new exit (range 16) 233 | -11/Scrapyard | Entered Materials 310 | -10/Materials | Build established: Mutant 402 | -10/Materials | Discovered new exit (range 8) 413 | -10/Materials | Entered another Materials area 413 | -9/Materials | Evolved 2 slots: Utility x2 564 | -9/Materials | Core integrity fell below 50% 580 | -9/Materials | Lost 5 parts (2p2n1u) 587 | -9/Materials | Core integrity fell below 20% 603 | -9/Materials | Destroyed by Y-45 Defender with Beam Rifle Last Messages --------------- crushing effect. 00576_ Y-45 Defender suffers critical hit (Smash). 00576_ Destroyed Hvy. Assault Rifle. 00576_ Y-45 Defender system corrupted by crushing effect. 00578_ Y-45 Defender misfires. 00580_ Critical hit (Burn: +37). 00581_ Y-45 Defender destroyed. 00584_ Critical hit (Burn: +37). 00592_ G-47 Trooper suffers critical hit (Smash). 00592_ Destroyed Lgt. Nuclear Core. 00592_ G-47 Trooper system corrupted by crushing effect. 00592_ G-47 Trooper destroyed. 00598_ Y-45 Defender suffers critical hit (Smash). 00600_ Critical hit (Burn: +37). 00600_ Sml. Storage Unit destroyed. Map ----- +----------------------------------------------------+ | ??????????????????# #???????????????????? | | ??????????????????# #???????????????????? | | ??????????????????# #???????????????????? | | ??????????????????# #???????????????????? | | ??????????????????# #???????????????????? | | ??????????????????# #???????????????????? | | ??????????????????# #???????????????????? | | ??????????????????# #???????????????????? | | ??????????????????# #???????????????????? | | ????????# ???????# #???????????????????? | | ????????# ?????# #???????????????????? | | ????????# = ?# #???????????????????? | | ????????# =| ## #########???????????? | | ????????# | ## # #???????????? | | ????????+ # """ #???????????? | | ????????# # """ #???????????? | | ????????## ### + """ #???????????? | | ?????????????# # #???????????? | | ?????????????# ####+############# # | | ?????????????# # | | ?????????????# + | | ??????####+### ############# ## #####??? | | ??????# # ###########?# #?????????? | | ??????# """ # # #?# #?????????? | | ##????# """ # # #?# #?????????? | | # #???# "" # #@ #?# #?????????? | | # ??# / *Y% #?# #?????????? | | # T ??# # !############# #?????????? | | # ?####/### #?????????? | | # ####! #?????????? | | # / = [ #?????????? | | #*** ######+## ### ####+#######????? | | #*** ?#! # #?# ## #????? | | #** ??# # #?# ## """"" #????? | | # ??# ####?# ## """"" #????? | | ###???# "Y" ###### + """"" #????? | | ??????# """ + ## #????? | | ??????# #########+##############????? | | ??????########?# #???????????? | | ???????????????# = #???????????? | | ???????????????# """"" #???????????? | | ???????????????# """"""""" #???????????? | | ???????????????# """ """ #???????????? | | ???????????????# #???????????? | | ???????????????###############???????????? | | | | | | | | | | | +----------------------------------------------------+ Best States ------------- Heat Dissipation 28 Energy Generation 10 Energy Capacity 125 Matter Stores 300 Matter Capacity 450 Sight Range 16 Terrain Scan Density 10 Evasion (%) 55 Item Schematics ----------------- None Robot Schematics ------------------ None Fabricated ------------ Nothing Repaired ---------- Nothing Alien Tech Used ----------------- None Achievements -------------- None Challenges ------------ None Game ------ Seed ActuatorGreatThruster Manual? 0 Play Time 00:07:38 Cumulative 6.5 hours Start 2025.09.12 @ 21:50:10 End 2025.09.12 @ 21:56:12 Sessions 1 Manual Loads 0 Difficulty Rogue Special Mode None Game No. 14 Rogue 14 Adventurer 0 Explorer 0 Win Type - Total 0 Types 0/0/0/0/0/0/0/0/0/0 Lore% 10 Gallery% 8 Achievement% 14 Wizard Run 0 Options --------- Layout 2 ASCII 0 Keyboard 0 Movement Mouse Keybinds 0 Fullscreen 1 Font 24/Smallcaps Map View 50x44 Zoom Use 0% Tactical HUD 1 Map Filters NONE Filters NONE Steam 1 RUN: 4d4c1950-34b0-4ab7-99ee-f6a1f051f0d7